 Seeded DCSS version 0.30.0-5-g1a98f26d00 (webtiles) character file.

Game seed: 4776049351708390438 (custom seed)

776 GigaChad the Covered (level 8, 0/64 HPs)
             Began as a Formicid Fighter on May 12, 2023.
             Was a Believer of Elyvilon.
             Slain by a gnoll
             ... wielding a +0 club
             ... led by a gnoll bouda
              (1 damage)
             ... on level 5 of the Dungeon.
             The game lasted 00:05:49 (3394 turns).

GigaChad the Covered (Formicid Fighter)             Turns: 3394, Time: 00:05:50

Health: 0/64       AC: 13    Str: 22    XL:     8   Next: 10%
Magic:  8/8        EV:  8    Int:  9    God:    Elyvilon [**....]
Gold:   334        SH:  5    Dex: 13    Spells: 7/7 levels left

rFire   . . .        f - +4 lajatang (speed)
rCold   . . .        c - +0 buckler
rNeg    . . .        o - +1 chain mail
rPois   .            (helmet unavailable)
rElec   .            (no cloak)
rCorr   .            (no gloves)
SInv    +            w - +1 pair of boots
Will    .....        (no amulet) Stlth
                     (no ring)
HPRegen 0.30/turn    (no ring)
MPRegen 0.11/turn

%: no passive effects
@: no status effects
A: permanent stasis, dig shafts and tunnels, antennae 3, four strong arms
a: Dig, Shaft Self, Renounce Religion, Purification, Heal Other


You were on level 5 of the Dungeon.
You worshipped Elyvilon.
Elyvilon was pleased with you.
You visited 1 branch of the dungeon, and saw 7 of its levels.

You collected 334 gold pieces.

Inventory:

Hand Weapons
 a - a +0 war axe
 f - a +4 lajatang of speed (weapon)
Armour
 b - a +0 scale mail
 c - a +0 buckler (worn)
 o - a +1 chain mail (worn)
 w - a +1 pair of boots (worn)
Jewellery
 p - a ring of flight
Scrolls
 j - 4 scrolls of identify
 n - a scroll of magic mapping {unknown}
 q - a scroll of amnesia {unknown}
 r - 2 scrolls of teleportation
 s - a scroll of brand weapon {unknown}
 t - a scroll of butterflies
 v - a scroll of poison {unknown}
Potions
 d - 4 potions of might
 e - 2 potions of degeneration {unknown}
 g - 2 potions of lignification {unknown}
 h - 4 potions of heal wounds
 i - 2 potions of mutation {unknown}
 k - a potion of haste {unknown}
 l - a potion of resistance {unknown}
 m - 3 potions of attraction {unknown}
 u - 2 potions of curing {unknown}


   Skills:
 * Level 5.8 Fighting
 * Level 3.7(4.1) Axes
 * Level 2.3(3.3) Polearms
 * Level 6.0 Armour
 * Level 6.0 Shields


You had 7 spell levels left.
You didn't know any spells.
Your spell library contained the following spells:

 Spells                   Type           Power      Damage    Failure   Level
 Necrotise                Necr           0%         1d4       95%         1
 Cigotuvi's Dreadful Rot  Necr/Pois/Air  0%         N/A       99%         2
 Ignite Poison            Fire/Tmut/Pois 0%         N/A       100%        3
 Vampiric Draining        Necr           0%         2d6       100%        3
 Agony                    Necr           0%         N/A       100%        5
 Freezing Cloud           Conj/Ice/Air   0%         6-21      100%        5


Dungeon Overview and Level Annotations

Branches:
Dungeon (7/15)
 Temple: D:4-7

Altars:
Dithmenos
Elyvilon

Shops:
D:1 (


Innate Abilities, Weirdness & Mutations

You cannot be hasted, slowed, berserked, paralysed or teleported.
You can dig through walls and to a lower floor.
You have a pair of large antennae on your head. (SInv)
Your four strong arms can wield two-handed weapons with a shield.


Message History

You block the adder's attack. You block the bullfrog's attack.
The gnoll hits you with a +0 club.
* * * LOW HITPOINT WARNING * * *
The gnoll hits you but does no damage. The gnoll barely misses you. x2
The gnoll hits you but does no damage. The bullfrog hits you.
* * * LOW HITPOINT WARNING * * *
The adder bites you but does no damage.
You miss the bullfrog.
The bullfrog is heavily wounded.
The bullfrog hits you but does no damage.
You block the adder's attack. The gnoll closely misses you.
The gnoll hits you but does no damage. x2; The gnoll hits you with a +0 club.
* * * LOW HITPOINT WARNING * * *
The gnoll barely misses you.
Unknown command.
You slash the gnoll!
The gnoll is severely wounded.
The bullfrog closely misses you. The adder bites you.
* * * LOW HITPOINT WARNING * * *
The gnoll closely misses you. The gnoll hits you but does no damage.
The gnoll closely misses you. The gnoll hits you with a +0 club.
* * * LOW HITPOINT WARNING * * *
The gnoll barely misses you.
You slice the bullfrog!!
You kill the bullfrog!
The adder barely misses you.
Your Armour skill increases to level 6!
Your Shields skill increases to level 6!
You closely miss the gnoll.
The gnoll is severely wounded.
The gnoll hits you but does no damage. The gnoll hits you with a +0 flail.
* * * LOW HITPOINT WARNING * * *
You block the gnoll's attack. The gnoll barely misses you.
The gnoll hits you but does no damage. The adder bites you but does no damage.
The gnoll attacks as you move away! The gnoll hits you with a +0 club.
* * * LOW HITPOINT WARNING * * *
The gnoll hits you with a +0 flail.
* * * LOW HITPOINT WARNING * * *
The gnoll hits you with a +0 club.
You die...

....## .....#
.....##.....#
.....#.......
.<...........###########
.....#?..........#.....#
.....†..................
....)#.#................
....##.# #..............
....# .# #..$..[@g......
...## .# #.....gSgg.....
..## .# #......g)......
..# .# #..............
..# .# ##.............
#.# ##.....#.....# #..
#..#..#..#..# #...
#.###...###.# ..#
#..#..#..#..#


You could see 5 gnolls and an adder.

Vanquished Creatures
  A water moccasin (D:5)
  An ice beast (D:6)
  A black bear (D:4)
  A bullfrog (D:5)
  3 hounds
  A gnoll bouda (D:5)
  An orc priest (D:4)
  An iguana (D:4)
  2 orc wizards (D:4)
  3 gnolls (D:2)
  6 adders
  3 adder zombies (D:2)
  An adder skeleton (D:2)
  3 worms (D:2)
  12 orcs
  3 ball pythons
  2 bat skeletons (D:2)
  A bat zombie (D:2)
  7 endoplasms
  5 giant cockroaches
  5 goblins
  7 hobgoblins
  3 jackals (D:3)
  7 kobolds
  7 quokkas
  A ball python skeleton (D:2)
  5 bats
  2 frilled lizards (D:2)
  3 quokka skeletons (D:2)
  A quokka zombie (D:2)
  4 rats
103 creatures vanquished.

Notes
Turn   | Place    | Note
-------+----------+-------------------------------------------
     0 | D:1      | GigaChad the Formicid Fighter began the quest for the Orb.
     0 | D:1      | Reached XP level 1. HP: 18/18 MP: 1/1
   182 | D:1      | Reached XP level 2. HP: 21/24 MP: 2/2
   454 | D:1      | Found Suaveru's Antique Weapon Emporium.
   605 | D:1      | Identified a scroll of acquirement
   605 | D:1      | Acquired a +3 lajatang of speed
   645 | D:2      | Reached XP level 3. HP: 30/30 MP: 3/3
   893 | D:2      | Reached XP level 4. HP: 15/37 MP: 4/4
  1102 | D:2      | Found a faded altar of an unknown god.
  1155 | D:2      | Reached skill level 1 in Polearms
  1273 | D:2      | Reached XP level 5. HP: 38/42 MP: 5/5
  2197 | D:3      | Found a faded altar of an unknown god.
  2229 | D:3      | Found a shadowy altar of Dithmenos.
  2235 | D:3      | Prayed at the altar of an unknown god.
  2235 | D:3      | Became a worshipper of Elyvilon the Healer
  2235 | D:3      | Reached * piety under Elyvilon
  2307 | D:4      | Reached XP level 6. HP: 49/49 MP: 6/6
  2441 | D:4      | Reached skill level 5 in Shields
  2619 | D:4      | Reached ** piety under Elyvilon
  2752 | D:4      | Reached skill level 5 in Armour
  2988 | D:4      | Reached skill level 5 in Fighting
  2988 | D:4      | Reached XP level 7. HP: 53/56 MP: 7/7
  3235 | D:5      | Entered Level 5 of the Dungeon
  3235 | D:5      | Noticed a water moccasin
  3247 | D:5      | Killed a water moccasin
  3302 | D:5      | You fall into a shaft and drop 2 floors!
  3376 | D:5      | Reached XP level 8. HP: 63/64 MP: 8/8
  3394 | D:5      | HP: 2/64 [gnoll/+0 club[a gnoll bouda] (2)]
  3394 | D:5      | Slain by a gnoll

Illustrated notes

Levels and vault maps discovered:
D:1:      matt_arrival_los_fun, layout_basic, serial_shops,
          nicolae_shop_overgrown_old_shop
D:2:      layout_loops_ring, serial_undead, serial_undead_a, serial_undead_a,
          serial_undead_d, serial_undead_c, serial_undead_c, serial_undead_c,
          basic_ecumenical_altar, minmay_joined_circles
D:3:      layout_loops_ring, nicolae_overflow_ecumenical_swirl
D:4:      layout_basic, lemuel_round_altar, kennysheep_orc_chapel
D:5:      minmay_bubble_buster, layout_rooms, nicolae_overflow_squiral,
          lemuel_coloured_pillars_altar, serial_park_tiny_2,
          minmay_strange_pillars, small_statue_alley_b
D:6:      layout_basic
D:7:      layout_rooms, overflow_temple_1_default, fedhas_altar_3,
          minmay_door_square

Skill      XL: |  1  2  3  4  5  6  7  8 |
---------------+-------------------------+-----
Armour         | 4 5 6 |  6.0
Fighting       | 4 5 |  5.8
Polearms       | 1 2 |  2.3
Axes           | 3 |  3.7
Shields        | 5 6 |  6.0

Action                     |  1- 3 |  4- 6 |  7- 9 || total
---------------------------+-------+-------+-------++-------
  Melee: War axe           |    38 |       |       ||    38
         Lajatang          |    42 |   175 |    52 ||   269
    Use: Scroll            |     2 |     6 |     1 ||     9
 Armour: Scale mail        |    55 |    11 |       ||    66
         Chain mail        |       |    70 |    61 ||   131
  Dodge: Dodged            |    44 |    62 |    46 ||   152
  Block: Buckler           |    23 |    46 |    28 ||    97
